 Dungeon Crawl Stone Soup version 0.28-a0-769-g550dbda0cd (webtiles) character file.

Game seed: 9306470196984963585

1610 KoroneIsBestGirl the Ducker (level 8, -5/46 HPs)
             Began as an Octopode Ice Elementalist on Oct 31, 2021.
             Was an Initiate of Gozag.
             Slain by a cyclops (9 damage)
             ... on level 6 of the Dungeon.
             The game lasted 00:09:15 (7746 turns).

KoroneIsBestGirl the Ducker (OpIE)                  Turns: 7746, Time: 00:09:16

Health: -5/46      AC:  2    Str:  8    XL:     8   Next: 95%
Magic:  12/17      EV: 15    Int: 19    God:    Gozag
Gold:   267        SH:  0    Dex: 12    Spells: 12/19 levels left

rFire   . . .      SeeInvis .   v - +1 dagger (speed)
rCold   . . .      Faith    .   (no shield)
rNeg    . . .      Spirit   .   k - +1 hat
rPois   .          Reflect  .   (no amulet)
rElec   .          Harm     .   (no ring)
rCorr   .          Rampage  .   (no ring)
Will    .....                   (no ring)
Stlth   +++.......              (no ring)
HPRegen 0.15/turn               (no ring)
MPRegen 0.15/turn               (no ring)
                                (no ring)
                                (no ring)

@: freezing walls
A: almost no armour, amphibious, 8 rings, camouflage 1, gelatinous body 1,
(nimble swimmer 1), tentacles
a: Renounce Religion, Potion Petition, Call Merchant, Bribe Branch


You were on level 6 of the Dungeon.
You worshipped Gozag.
Gozag was aware of your devotion.
You visited 1 branch of the dungeon, and saw 6 of its levels.
You also visited: Sewer.

You collected 341 gold pieces.
You paid 74 gold pieces to Gozag.

Inventory:

Hand Weapons
 v - a +1 dagger of speed (weapon)
Missiles
 f - a throwing net
Armour
 k - a +1 hat (worn)
Jewellery
 n - an amulet of reflection
Wands
 t - a wand of polymorph (13)
Scrolls
 b - 3 scrolls of teleportation
 d - 3 scrolls of identify
 e - a scroll of fear {unknown}
 g - 2 scrolls of holy word
 h - a scroll of blinking {unknown}
 i - a scroll of vulnerability {unknown}
 j - a scroll of brand weapon {unknown}
 o - a scroll of silence {unknown}
 p - a scroll of noise {unknown}
 q - a scroll of amnesia {unknown}
 u - a scroll of torment {unknown}
Potions
 a - a potion of invisibility {unknown}
 c - 3 potions of flight
 l - 2 potions of brilliance
 m - a potion of magic
 r - 2 potions of curing
 s - a potion of resistance


   Skills:
 + Level 7.2 Dodging
 - Level 2.7 Stealth
 - Level 6.0 Spellcasting
 - Level 7.0 Ice Magic


You had 12 spell levels left.
You knew the following spells:

 Your Spells              Type           Power      Damage    Failure   Level
a - Freeze                Ice            100%       1d11      1%          1
b - Frozen Ramparts       Ice            64%        1d8       1%          3
c - Ozocubu's Armour      Ice            32%        N/A       1%          3

Your spell library contained the following spells:

 Spells                   Type           Power      Damage    Failure   Level
 Ensorcelled Hibernation  Hex/Ice        38%        N/A       4%          2
 Blink                    Tloc           10%        N/A       17%         2
 Corpse Rot               Necr/Air       10%        N/A       17%         2
 Poisonous Vapours        Pois/Air       10%        N/A       17%         2
 Hailstorm                Conj/Ice       19%        3d6       26%         4
 Lesser Beckoning         Tloc           5%         N/A       32%         3
 Spider Form              Tmut/Pois      2%         N/A       32%         3
 Manifold Assault         Tloc           5%         N/A       97%         5


Dungeon Overview and Level Annotations

Branches:
Dungeon (6/15)              Sewer (visited)
 Temple: D:4-7

Altars:
Ashenzari
Gozag
Makhleb
Nemelex Xobeh

Shops:
D:2 =   D:6 [


Innate Abilities, Weirdness & Mutations

You cannot wear most types of armour.
You are amphibious.
You can wear up to eight rings at the same time.
Your skin changes colour to match your surroundings (Stealth+).
Your rubbery body absorbs attacks. (AC +1, EV +1)
((You are camouflaged near water. (Stealth+)))
You have tentacles for arms and can constrict up to eight enemies at once.


Message History

The ice beast hits you. The ice beast freezes you!
* * * LOW HITPOINT WARNING * * *
You are too injured to fight recklessly!
You are too injured to fight recklessly!
You are too injured to fight recklessly!
You are too injured to fight recklessly!
You are too injured to fight recklessly!
As you read the scroll of teleportation, it crumbles to dust.
You feel strangely unstable. The ice beast barely misses you.
Your surroundings suddenly seem different.
A cyclops comes into view.
Casting: Freeze (safe; 1% risk of failure)
Confirm with . or Enter, or press ? or * to list all spells.
You don't know that spell.
Casting: Freeze (safe; 1% risk of failure)
Confirm with . or Enter, or press ? or * to list all spells.
Casting: Frozen Ramparts (safe; 1% risk of failure)
Press: ? - help, Dir - look around, f - activate The walls around you are covered in ice.
The cyclops shouts!
The wall freezes the cyclops!
The cyclops hits you!
* * * LOW HITPOINT WARNING * * *
Casting: Frozen Ramparts (safe; 1% risk of failure)
Confirm with . or Enter, or press ? or * to list all spells.
Aiming: Freeze (safe; 1% risk of failure)
Press: ? - help, Shift-Dir - straight line, f - cyclops
Aim: a cyclops, quivering large rocks (lightly wounded)
You freeze the cyclops!
The cyclops is moderately wounded.
Unknown command.
Casting: Freeze (safe; 1% risk of failure)
Confirm with . or Enter, or press ? or * to list all spells.
Aiming: Freeze (safe; 1% risk of failure)
Press: ? - help, Shift-Dir - straight line, f/p - cyclops
Aim: a cyclops, quivering large rocks (moderately wounded)
You freeze the cyclops.
The cyclops is heavily wounded.
The wall freezes the cyclops.
The cyclops hits you!
You die...
Your body crumbles into a pile of gold.

.. #. #. #.
###. ...
#.## ##.##
#..@#
.......C...+
#.#.#...####
#.##..# #
##.# #.# #.#
..#


You could see a cyclops.

Vanquished Creatures
  Sigmund (D:2)
  Pargi (Sewer)
  A sky beast (D:5)
  2 black bears
  An ice beast (D:5)
  2 scorpions (D:4)
  A water moccasin skeleton (D:4)
  3 killer bees (D:5)
  A howler monkey (D:5)
  A bullfrog zombie (D:5)
  A jelly (D:5)
  3 hounds
  2 orc priests
  3 orc wizards (D:4)
  3 iguanas
  2 hound skeletons
  Robin (D:2)
  9 adders
  4 gnolls (D:4)
  2 river rats (D:5)
  An ufetubus (D:5)
  An adder skeleton (D:4)
  3 worms
  2 dart slugs (D:1)
  17 orcs
  10 ball pythons
  8 endoplasms
  2 giant cockroaches
  13 goblins
  6 hobgoblins
  4 jackals
  10 kobolds
  5 bats
  4 frilled lizards
  5 rats
135 creatures vanquished.

Vanquished Creatures (others)
  A fungus (D:3)
1 creature vanquished.

Grand Total: 136 creatures vanquished

Notes
Turn   | Place    | Note
-------+----------+-------------------------------------------
     0 | D:1      | KoroneIsBestGirl the Octopode Ice Elementalist began the
                  | quest for the Orb.
     0 | D:1      | Reached XP level 1. HP: 11/11 MP: 3/3
   325 | D:1      | Reached XP level 2. HP: 16/17 MP: 3/5
   999 | D:1      | Reached XP level 3. HP: 21/21 MP: 4/6
  1003 | D:1      | Learned a level 3 spell: Frozen Ramparts
  1246 | D:2      | Reached XP level 4. HP: 11/27 MP: 0/8
  1539 | D:2      | Noticed Sigmund
  1548 | D:2      | Killed Sigmund
  1549 | D:2      | Reached skill level 5 in Ice Magic
  1549 | D:2      | Reached XP level 5. HP: 27/31 MP: 3/10
  1549 | D:2      | Reached XP level 6. HP: 32/36 MP: 3/11
  1693 | D:2      | Noticed Robin
  1712 | D:2      | Killed Robin
  1855 | D:2      | Found Tavvaw's Jewellery Shop.
  2844 | D:3      | Found a sparkling altar of Nemelex Xobeh.
  3156 | D:3      | Found a faded altar of an unknown god.
  3274 | D:3      | Learned a level 3 spell: Ozocubu's Armour
  3691 | D:4      | Reached XP level 7. HP: 41/41 MP: 4/13
  4231 | D:4      | Reached skill level 5 in Dodging
  4969 | D:4      | Reached XP level 8. HP: 42/46 MP: 9/15
  5034 | D:4      | Reached skill level 5 in Spellcasting
  5195 | D:5      | Entered Level 5 of the Dungeon
  5434 | D:5      | Found a glowing drain.
  5438 | Sewer    | Entered a sewer
  5610 | Sewer    | Noticed Pargi
  5617 | Sewer    | Killed Pargi
  6389 | D:5      | Found a broken altar of Ashenzari.
  6389 | D:5      | Found a burning altar of Makhleb.
  6390 | D:5      | Found an opulent altar of Gozag.
  6398 | D:5      | Became a worshipper of Gozag Ym Sagoz the Greedy
  7641 | D:6      | Found Qibbary's Antique Armour Shop.
  7742 | D:6      | Noticed a cyclops
  7746 | D:6      | Slain by a cyclops

Illustrated notes

Levels and vault maps discovered:
D:1:      dpeg_arrival_radiant, layout_loops_cross, minmay_pentomino_x2
D:2:      layout_basic, serial_shops, shop, uniq_robin, uniq_sigmund
D:3:      layout_basic, nemelex_xobeh_ov_fountains_minmay,
          shapermc_ecumenical_altar_ellora
D:4:      minmay_bubble_buster, layout_basic
D:5:      layout_basic, chequers_temple_overflow_statue_of_worship,
          serial_co_window_serial, co_window_paths_b, co_window_corner_a,
          co_window_of_opportunity_a, co_window_paths_a, co_window_paths_b,
          co_window_2corner, co_window_paths_c, co_window_of_opportunity_c,
          co_window_broadway_b, co_window_of_opportunity_b, co_window_4corner_a,
          glass_columns_c, glass_columns_b, glass_columns_a, glass_columns_b,
          glass_columns_a, gup_sewer_entry_spiral, kennysheep_generic_room_9
D:6:      layout_loops_corners, serial_shops, nicolae_stop_n_shop_1,
          minmay_misc_feat_iff

Skill      XL: |  1  2  3  4  5  6  7  8 |
---------------+-------------------------+-----
Dodging        | 3 4 5 7 |  7.2
Spellcasting   | 3 4 6 |  6.0
Ice Magic      | 5 6 7 |  7.0
Stealth        | |  2.7

Action                   |  1- 3 |  4- 6 |  7- 9 || total
-------------------------+-------+-------+-------++-------
Melee: Unarmed           |     2 |       |       ||     2
       Dagger            |       |     9 |    97 ||   106
       Constrict         |       |     2 |    14 ||    16
       Tentacles         |       |     1 |    21 ||    22
 Cast: Freeze            |    33 |    42 |    53 ||   128
       Frozen Ramparts   |     1 |    10 |    13 ||    24
  Use: Potion            |       |       |     8 ||     8
       Scroll            |       |       |     7 ||     7
 Stab: Sleeping          |       |       |     4 ||     4
Armor: Skin              |     1 |     6 |    10 ||    17
Dodge: Dodged            |    13 |    32 |    97 ||   142

Table legend: (Time is in decaauts)
 A = Elapsed time spent in this place.
 B = Non-inter-level travel time spent in this place.
 C = Inter-level travel time spent in this place.
 D = Time resting spent in this place.
 E = Time spent auto-exploring this place.
 F = Levels seen in this place.
 G = Mean time per level.
                   A        B        C        D        E       F      G
               +--------+--------+--------+--------+--------+-----+--------+
         Total |   7719 |   7227 |    492 |     14 |   6300 |   7 | 1102.7 |
       Dungeon |   7437 |   6945 |    492 |     14 |   6054 |   6 | 1239.5 |
         Sewer |    282 |    282 |      0 |      0 |    246 |   1 |  282.0 |
               +--------+--------+--------+--------+--------+-----+--------+

Top non-repeatable levels by time:
     D:5: 1948 daAuts
     D:4: 1670 daAuts
     D:2: 1376 daAuts
     D:1: 1180 daAuts
     D:3: 990 daAuts
   Sewer: 282 daAuts
     D:6: 270 daAuts
